 Dungeon Crawl Stone Soup version 0.23-a0-319-gb40ba49 (webtiles) character file.

108479 Garbasso the Severer (level 16, -17/152 HPs)
             Began as a Minotaur Berserker on Oct 14, 2018.
             Was a High Priest of Trog.
             Demolished by a titan zombie (27 damage)
             ... on level 15 of the Dungeon.
             The game lasted 01:35:34 (23168 turns).

Garbasso the Severer (Minotaur Berserker)          Turns: 23168, Time: 01:35:36

Health: -17/152    AC: 22    Str: 28    XL:     16   Next: 2%
Magic:  15/15      EV: 20    Int:  7    God:    Trog [*****.]
Gold:   1672       SH:  0    Dex: 17    Spells: 15/15 levels left

rFire    + . .     SeeInvis .   b - +3 battleaxe (vamp)
rCold    + . .     Gourm    .   (shield currently unavailable)
rNeg     + . .     Faith    .   F - +2 chain mail of the Turtle {rF+ rN+ Int+3}
rPois    .         Spirit   .   G - +0 hat
rElec    .         Reflect  .   d - +0 cloak
rCorr    .         Harm     .   S - +0 pair of gloves "Turowy" {rC+ Dex+2}
MR       +....                  h - +2 pair of boots
Stlth    ..........             J - amulet of regeneration
HPRegen  0.75/turn              H - +4 ring of dexterity
MPRegen  0.14/turn              Y - +6 ring of evasion

@: about to teleport, slowed, drained, very slow
A: retaliatory headbutt, horns 2
a: Berserk, Trog's Hand, Brothers in Arms, Renounce Religion


You were on level 15 of the Dungeon.
You worshipped Trog.
Trog was extremely pleased with you.
You were hungry.

You visited 2 branches of the dungeon, and saw 21 of its levels.
You also visited: Ossuary.

You collected 1978 gold pieces.
You spent 306 gold pieces at shops.

Inventory:

Hand Weapons
 b - a +3 vampiric battleaxe (weapon)
 o - a +0 dire flail
 V - a +3 antimagic battleaxe
Missiles
 y - a throwing net
 Q - 2 poisoned javelins (quivered)
Armour
 d - a +0 cloak (worn)
 h - a +2 pair of boots (worn)
 F - the +2 chain mail of the Turtle (worn) {rF+ rN+ Int+3}
   (You found it on level 8 of the Dungeon)

   It affects your intelligence (+3).
   It protects you from fire.
   It protects you from negative energy.
 G - a +0 hat (worn)
 R - the +5 ring mail of Midiuc {rPois rC- MP+9 Dex+6}
   (You found it on level 4 of the Lair of Beasts)

   It affects your dexterity (+6).
   It makes you vulnerable to cold.
   It protects you from poison.
   It affects your magic capacity (+9).
 S - the +0 pair of gloves "Turowy" (worn) {rC+ Dex+2}
   (You found it on level 4 of the Lair of Beasts)

   It affects your dexterity (+2).
   It protects you from cold.
Jewellery
 v - an uncursed ring of ice
 H - a +4 ring of dexterity (left hand)
 J - an amulet of regeneration (around neck)
 K - an uncursed ring of protection from fire
 Y - a +6 ring of evasion (right hand)
Wands
 j - a wand of acid (9)
 m - a wand of enslavement (50)
 r - a wand of flame (82)
 N - a wand of iceblast (9)
 O - a wand of paralysis (34)
 T - a wand of digging (17)
 Z - a wand of disintegration (16)
Scrolls
 a - 2 scrolls of fear
 e - 7 scrolls of fog
 g - 6 scrolls of remove curse
 i - 6 scrolls of enchant armour
 t - 10 scrolls of teleportation
 C - 3 scrolls of magic mapping
 E - 2 scrolls of silence
 M - a scroll of immolation
 U - 2 scrolls of blinking
Potions
 f - 5 potions of ambrosia
 k - 5 potions of resistance
 n - a potion of might
 p - 2 potions of flight
 q - 8 potions of heal wounds
 s - 3 potions of berserk rage
 u - 8 potions of curing
 x - 6 potions of haste
 z - 5 potions of agility
 A - 6 potions of lignification
 B - a potion of mutation
 P - 2 potions of invisibility
Miscellaneous
 w - a sack of spiders
 I - a lamp of fire
Comestibles
 c - 43 rations


   Skills:
 * Level 16.6(15.8) Fighting
 - Level 20.1(19.3) Axes
 + Level 15.9(15.1) Armour
 + Level 8.4(7.8) Dodging


You had 15 spell levels left.
You didn't know any spells.
Your spell library contained the following spells:

 Spells                   Type           Power        Failure   Level  Hunger
 Beastly Appendage        Tmut           #.....       85%         1    ##.....
 Confusing Touch          Hex            #.....       85%         1    ##.....
 Freeze                   Ice            #...         85%         1    ##.....
 Shock                    Conj/Air       #...         85%         1    ##.....
 Ensorcelled Hibernation  Hex/Ice        #.....       94%         2    ###....
 Sticks to Snakes         Tmut           #.......     94%         2    ###....
 Swiftness                Chrm/Air       #.......     94%         2    ###....
 Throw Frost              Conj/Ice       #.....       94%         2    ###....
 Confuse                  Hex            #.......     99%         3    ####...
 Dazzling Spray           Conj/Hex       #.....       99%         3    ####...
 Gell's Gravitas          Tloc           #.........   99%         3    ####...
 Ignite Poison            Fire/Tmut/Pois #.......     99%         3    ####...
 Ozocubu's Armour         Chrm/Ice       #.......     99%         3    ####...
 Spider Form              Tmut/Pois      #.........   99%         3    ####...
 Static Discharge         Conj/Air       #.......     99%         3    ####...
 Tukima's Dance           Hex            #.......     99%         3    ####...
 Airstrike                Air            #.........   100%        4    #####..
 Ice Form                 Ice/Tmut       #.......     100%        4    #####..
 Petrify                  Tmut/Erth      #.......     100%        4    #####..
 Summon Ice Beast         Ice/Summ       #.......     100%        4    #####..
 Throw Icicle             Conj/Ice       #.......     100%        4    #####..
 Blade Hands              Tmut           #.........   100%        5    ######.
 Lightning Bolt           Conj/Air       #.........   100%        5    ######.
 Metabolic Englaciation   Hex/Ice        #.........   100%        5    ######.
 Yara's Violent Unravell  Hex/Tmut       #.........   100%        5    ######.


Dungeon Overview and Level Annotations

Branches:
Dungeon (15/15)            Temple (0/1) D:6            Lair (6/6) D:9
  Swamp (0/4) Lair:4       Spider (0/4) Lair:2        Slime (0/5) Lair:5
    Orc (0/2) D:11         Vaults (0/5) D:13
 Depths: D:15

Altars:
Dithmenos
Gozag
Kikubaaqudgha
Qazlal
Trog
Vehumet
Wu Jian
Xom
Yredelemnul
Zin
The Shining One

Shops:
D:5 (   D:10 !


Innate Abilities, Weirdness & Mutations

You reflexively headbutt those who attack you in melee.
You have a pair of horns on your head.


Message History

You slice the titan zombie!! You headbutt the titan zombie!
The titan zombie is severely damaged.
You miss something. The titan zombie hits you!!
* * * LOW HITPOINT WARNING * * *
You hear some strange, mumbled words.
A bolt of negative energy appears from out of thin air!
The bolt of negative energy hits you! You partially resist.
You feel drained.
* * * LOW HITPOINT WARNING * * *
The bolt of negative energy hits the titan zombie.
The titan zombie completely resists.
As you read the scroll of teleportation, it crumbles to dust.
You feel strangely unstable.
You are feeling hungry.
The titan zombie hits you but does no damage.
You hear some strange, mumbled words.
You closely miss something. You headbutt something. You hit the titan zombie.
Unholy energy fills the air.
* * * LOW HITPOINT WARNING * * *
The titan zombie hits you!!
You die...

#.....[.##
#...)....# #..
.... #......?.#
#/# ....
#....)...# #.#
..P88 #........#
#.# 8....
########.#
#.....P..
#####.###.#.P....
#.......#.ZZ.8..8
#.###.#.#@#......
#...{))......
....##.#n)....P.
..##.....z.....$8
####.##.#.P..[
..# .#.8..8 ####
.. .... ##.#### .


You could see a necrophage, a wight, a titan zombie and a stone giant skeleton.

Vanquished Creatures
  Snorg (D:14)
  Fannar (Lair:2)
  An ice dragon (D:13)
  A vault guard (D:13)
  4 hydras
  A catoblepas (Lair:4)
  Erolcha (D:10)
  3 centaur warriors
  A two-headed ogre (D:13)
  2 tengu warriors (D:13)
  A skeletal warrior (D:15)
  2 wizards (D:13)
  An unseen horror (D:14)
  A phantasmal warrior (D:13)
  A necromancer (D:15)
  2 lindwurms (Lair:6)
  5 ugly things
  A wolf spider (Lair:6)
  3 manticores
  3 cyclopes
  Joseph (D:8)
  12 elephants
  13 black mambas
  A fire giant skeleton (D:15)
  2 centaur zombies
  A guardian serpent (Lair:6)
  Psyche (D:10)
  3 centaur skeletons
  6 torpor snails
  A gargoyle (D:13)
  A rime drake (Lair:6)
  An efreet (D:13)
  A kobold demonologist (D:15)
  19 spiny frogs
  8 komodo dragons
  A queen bee (D:12)
  3 meliai (D:12)
  A jumping spider (Lair:2)
  10 hornets
  3 tyrant leeches (Lair:6)
  3 trolls
  2 polar bears (Lair:6)
  7 slime creatures (D:12)
  Prince Ribbit (Lair:3)
  27 blink frogs
  5 hippogriffs
  13 wyverns
  27 yaks
  5 wraiths
  A shadow (D:14)
  6 basilisks
  A hungry ghost (D:14)
  Menkaure (D:6)
  19 water moccasins
  2 soldier ants
  A soldier ant (shapeshifter) (D:14)
  2 acid dragons (D:13)
  Duvessa (D:7)
  6 orc warriors
  9 porcupines
  3 black bears
  2 ice beasts
  3 phantoms
  5 sky beasts
  3 necrophages
  3 wolves (Lair:3)
  12 ogres
  9 centaurs
  15 crocodiles
  A big kobold (D:10)
  14 bullfrogs
  A wyvern zombie (D:8)
  Dowan (D:7)
  3 water moccasin zombies (Ossuary)
  A hornet simulacrum (D:14)
  A water moccasin skeleton (D:8)
  4 scorpions
  3 wights (D:9)
  34 killer bees
  2 howler monkeys
  3 electric eels
  4 quasits
  6 crimson imps
  8 orc priests
  7 hounds
  A jelly (D:5)
  14 orc wizards
  4 bullfrog skeletons
  5 iguanas
  14 worker ants
  3 big kobold zombies (Ossuary)
  2 hound zombies
  2 hound skeletons
  2 mummies (Ossuary)
  A howler monkey zombie (D:5)
  Robin (D:2)
  7 gnolls
  10 adders
  3 shadow imps
  2 oozes (D:1)
  An adder skeleton (D:6)
  5 adder zombies (Ossuary)
  4 worms
  A dart slug (D:1)
  4 leopard geckos
  53 orcs
  A ball python (D:2)
  9 bats
  8 giant cockroaches
  15 goblins
  13 hobgoblins
  7 jackals
  4 quokkas
  9 frilled lizards
  2 gnoll zombies (Ossuary)
  6 hobgoblin zombies (Ossuary)
  19 kobolds
  4 kobold zombies (Ossuary)
  A leopard gecko skeleton (D:6)
  5 orc zombies (Ossuary)
  A quokka skeleton (D:6)
  11 rats
  A fungus (Lair:6)
  4 plants
671 creatures vanquished.

Vanquished Creatures (collateral kills)
  Nessos (Lair:6)
  A fire dragon (Lair:6)
  A death knight (D:13)
  5 death yaks (D:9)
  An ugly thing (D:6)
  2 rust devils
  2 hogs (D:7)
  A human (D:7)
  2 yaks (D:7)
  2 orc warriors (D:9)
  A big kobold (D:6)
  A bullfrog (D:6)
  A hound (D:6)
  An orc priest (D:6)
  A worker ant (D:5)
  An orc wizard (D:6)
  A shadow imp (D:6)
  An orc (D:6)
26 creatures vanquished.

Vanquished Creatures (others)
  A wizard (D:12)
  A spiny frog (Lair:5)
  An orc wizard (D:3)
  16 fungi
  27 plants
46 creatures vanquished.

Grand Total: 743 creatures vanquished

Notes
Turn   | Place    | Note
-------+----------+-------------------------------------------
     0 | D:1      | Garbasso the Minotaur Berserker began the quest for the
                  | Orb.
     0 | D:1      | Reached XP level 1. HP: 19/19 MP: 0/0
   512 | D:1      | Reached XP level 2. HP: 26/27 MP: 1/1
   669 | D:1      | Reached skill level 4 in Axes
   750 | D:1      | Reached XP level 3. HP: 23/33 MP: 2/2
  1317 | D:2      | Reached ** piety under Trog
  1369 | D:2      | Noticed Robin
  1560 | D:2      | Reached XP level 4. HP: 40/40 MP: 3/3
  1562 | D:2      | Killed Robin
  1693 | D:2      | Found a stormy altar of Qazlal.
  2061 | D:3      | Reached skill level 5 in Axes
  2162 | D:3      | Reached *** piety under Trog
  2325 | D:3      | Noticed an ogre
  2332 | D:3      | Killed an ogre
  2332 | D:3      | Reached XP level 5. HP: 47/47 MP: 4/4
  2355 | D:3      | Reached XP level 6. HP: 37/55 MP: 5/5
  2622 | D:3      | Reached skill level 6 in Axes
  2623 | D:3      | Reached skill level 5 in Fighting
  3609 | D:4      | Reached XP level 7. HP: 61/61 MP: 6/6
  3649 | D:4      | Received a gift from Trog
  3753 | D:4      | Reached skill level 7 in Axes
  4247 | D:5      | Entered Level 5 of the Dungeon
  4254 | D:5      | Found a sand-covered staircase.
  4261 | Ossuary  | Entered an ossuary
  4285 | Ossuary  | Reached **** piety under Trog
  4305 | Ossuary  | Reached skill level 5 in Armour
  4767 | Ossuary  | Reached skill level 8 in Axes
  4819 | D:5      | Found Kafo's Weapon Shop.
  4920 | D:5      | Reached XP level 8. HP: 63/70 MP: 7/7
  5031 | D:5      | Reached skill level 5 in Dodging
  5231 | D:5      | Reached ***** piety under Trog
  5619 | D:6      | Reached skill level 9 in Axes
  5630 | D:6      | Found a shimmering altar of Xom.
  5792 | D:6      | Found a staircase to the Ecumenical Temple.
  5813 | D:6      | Noticed Menkaure
  5819 | D:6      | Killed Menkaure
  5947 | D:6      | Noticed a red ugly thing
  5955 | D:6      | Killed a red ugly thing
  5955 | D:6      | Reached XP level 9. HP: 54/79 MP: 8/8
  5962 | D:6      | Reached skill level 10 in Axes
  6889 | D:7      | Noticed Duvessa
  6893 | D:7      | Noticed Dowan
  6896 | D:7      | Killed Duvessa
  6902 | D:7      | Killed Dowan
  7082 | D:7      | Reached skill level 11 in Axes
  7611 | D:7      | Found an ornate altar of the Wu Jian Council.
  7612 | D:7      | Found a shadowy altar of Dithmenos.
  7617 | D:7      | Found an opulent altar of Gozag.
  7617 | D:7      | Found a bloodstained altar of Trog.
  7617 | D:7      | Found an ancient bone altar of Kikubaaqudgha.
  7624 | D:7      | Found a radiant altar of Vehumet.
  8132 | D:8      | Reached XP level 10. HP: 90/90 MP: 9/9
  8533 | D:8      | Noticed Joseph
  8550 | D:8      | Killed Joseph
  8698 | D:8      | Reached skill level 12 in Axes
  9088 | D:8      | Found a glowing golden altar of the Shining One.
  9318 | D:8      | Noticed a rust devil
  9318 | D:8      | Noticed a rust devil
  9333 | D:9      | Found a shimmering altar of Xom.
  9434 | D:9      | Found a staircase to the Lair.
  9436 | D:9      | Noticed a death yak
  9436 | D:9      | Noticed a death yak
  9436 | D:9      | Noticed a death yak
  9436 | D:9      | Noticed a death yak
  9436 | D:9      | Noticed a death yak
  9490 | D:9      | Killed a rust devil
  9548 | D:8      | Killed a rust devil
  9557 | D:8      | Got a jewelled chain mail
  9568 | D:8      | Identified the +2 chain mail of the Turtle {rF+ rN+ Int+3}
                  | (You found it on level 8 of the Dungeon)
  9589 | D:8      | Got a translucent halberd
  9590 | D:8      | Identified the +4 halberd of Zyariet {freeze, rC+ MR+
                  | Str+6} (You found it on level 8 of the Dungeon)
  9643 | D:9      | Noticed a cyclops
  9654 | D:9      | Killed a cyclops
  9916 | D:9      | Reached skill level 13 in Axes
 10027 | D:9      | Found a basalt altar of Yredelemnul.
 10077 | D:9      | Killed a death yak
 10077 | D:9      | Reached skill level 10 in Fighting
 10079 | D:9      | Killed a death yak
 10079 | D:9      | Reached XP level 11. HP: 97/97 MP: 10/10
 10083 | D:9      | Killed a death yak
 10084 | D:9      | Killed a death yak
 10086 | D:9      | Killed a death yak
 10086 | D:9      | Reached skill level 10 in Armour
 10320 | Lair:1   | Entered Level 1 of the Lair of Beasts
 10676 | Lair:1   | Noticed a seven-headed hydra
 10686 | Lair:1   | Killed a seven-headed hydra
 10686 | Lair:1   | Reached skill level 14 in Axes
 11062 | Lair:1   | Noticed an eight-headed hydra
 11081 | Lair:1   | Killed an eight-headed hydra
 11392 | Lair:1   | Reached skill level 15 in Axes
 11812 | Lair:2   | Noticed Fannar
 11871 | Lair:2   | Found a hole to the Spider Nest.
 12116 | Lair:2   | Reached XP level 12. HP: 94/108 MP: 11/11
 12472 | Lair:2   | Killed Fannar
 12668 | Lair:2   | Reached skill level 16 in Axes
 14161 | Lair:3   | Noticed Prince Ribbit
 14167 | Lair:3   | Killed Prince Ribbit
 14709 | Lair:4   | Reached skill level 17 in Axes
 14738 | Lair:4   | Reached XP level 13. HP: 90/117 MP: 12/12
 15002 | Lair:4   | Got a smelly ring mail
 15051 | Lair:4   | Found a staircase to the Swamp.
 15492 | Lair:4   | Got a pair of polished gloves
 15503 | Lair:4   | Identified the +0 pair of gloves "Turowy" {rC+ Dex+2} (You
                  | found it on level 4 of the Lair of Beasts)
 15921 | Lair:5   | Found a staircase to the Slime Pits.
 16623 | Lair:6   | Entered Level 6 of the Lair of Beasts
 16655 | Lair:6   | Noticed Nessos
 16662 | Lair:6   | Killed Nessos
 16889 | Lair:6   | Reached skill level 18 in Axes
 17672 | Lair:6   | Found a runed door.
 17679 | Lair:6   | Noticed a fire dragon
 17685 | Lair:6   | Killed a fire dragon
 17777 | Lair:6   | Reached XP level 14. HP: 122/132 MP: 13/13
 17916 | Lair:6   | Reached skill level 19 in Axes
 18186 | Lair:6   | Identified the Papyrus of Cankerous Bewitchment
 18710 | Lair:6   | Reached skill level 20 in Axes
 18710 | Lair:6   | Reached XP level 15. HP: 139/139 MP: 14/14
 19133 | D:10     | Entered Level 10 of the Dungeon
 19150 | D:10     | Noticed Psyche
 19161 | D:10     | Killed Psyche
 19201 | D:10     | Found a glowing silver altar of Zin.
 19551 | D:10     | Noticed Erolcha
 19556 | D:10     | Killed Erolcha
 19710 | D:10     | Found Lacalis's Distillery.
 19720 | D:10     | Bought a potion of heal wounds for 85 gold pieces
 19720 | D:10     | Bought a potion of curing for 51 gold pieces
 19720 | D:10     | Bought 2 potions of heal wounds for 170 gold pieces
 19841 | D:11     | Found Guhy's Weapon Shoppe.
 19841 | D:11     | Found a staircase to the Orcish Mines.
 20302 | D:11     | Received a gift from Trog
 20306 | D:11     | Reached skill level 15 in Fighting
 20850 | D:12     | Reached skill level 15 in Armour
 21154 | D:12     | Found a bloodstained altar of Trog.
 21674 | D:13     | Identified the +5 ring mail of Midiuc {rPois rC- MP+9
                  | Dex+6} (You found it on level 4 of the Lair of Beasts)
 21959 | D:13     | Found a gate to the Vaults.
 22565 | D:14     | Noticed Snorg
 22585 | D:14     | Killed Snorg
 22955 | D:14     | Found a radiant altar of Vehumet.
 23069 | D:14     | Identified a scroll of acquirement
 23102 | D:15     | Entered Level 15 of the Dungeon
 23125 | D:15     | Got an ichor-stained war axe
 23126 | D:15     | Identified the +0 war axe of Efrymurgh {chop, SInv} (You
                  | found it on level 15 of the Dungeon)
 23139 | D:15     | Reached XP level 16. HP: 152/152 MP: 15/15
 23163 | D:15     | Received a gift from Trog
 23168 | D:15     | Demolished by a titan zombie

Vault maps used:
D:1:      lightli_arrival_lavapool, minmay_pentomino_x4
D:2:      grunt_qazlal_sundering, serial_glass, glass_columns_b,
          glass_columns_a, guppyfry_early_lair_pool, uniq_robin
D:3:      first_ration, minmay_hedge_maze, minmay_surrounded
D:4:      minmay_fountain_box
D:5:      serial_shops, kennysheep_mini, nicolae_ossuary_entry_monument
D:6:      lemuel_round_altar, minmay_temple_entry_butterflies,
          minmay_divided_ellipse, uniq_menkaure
D:7:      minitemple, grunt_livestock, uniq_duvessa
D:8:      cheibrodos_iron_armory, basic_altar, uniq_joseph
D:9:      kennysheep_mini_moat, dpeg_lair_monsters, basic_altar
D:10:     serial_glass, glass_columns_b, glass_columns_a, item_on_display_a,
          serial_shops, shop, basic_altar, uniq_psyche, uniq_erolcha
D:11:     orc_david_3
D:12:     special_room, trog_wizard
D:13:     david_vaults_5
D:14:     basic_altar, uniq_snorg
D:15:     gammafunk_depths_entry_grave, chequers_serial_rivers_micro_d
Lair:1:   nzn_random_ring
Lair:2:   spider_nest_entry_rubble, uniq_fannar
Lair:3:   columned_hall_lemuel, uniq_prince_ribbit2
Lair:4:   swamp_mist_pool, chequers_serial_rivers_large_a, serial_bayou_crossing
Lair:5:   minmay_slime_entry_oklob_enclosed
Lair:6:   hangedman_lair_tendril_chambers, wormcave, uniq_nessos
Ossuary:  ossuary_tomb_2

Skill      XL: |  1  2  3  4  5  6  7  8  9 10 11 12 13 14 15 |
---------------+----------------------------------------------+-----
Axes           | 4 5 6 8 9 11 13 15 17 18 20 | 20.1
Fighting       | 4 5 6 7 8 10 11 12 14 16 | 16.6
Armour         | 3 4 5 6 8 9 11 12 13 14 15 | 15.9
Dodging        | 3 4 6 7 8 |  8.4

Action                   |  1- 3 |  4- 6 |  7- 9 | 10-12 | 13-15 | 16-18 || total
-------------------------+-------+-------+-------+-------+-------+-------++-------
Melee: Hand axe          |    80 |   126 |   302 |       |       |       ||   508
       Headbutt          |    16 |    23 |    79 |    98 |   216 |     9 ||   441
       War axe           |       |       |    68 |   110 |       |       ||   178
       Battleaxe         |       |       |       |   431 |   503 |    27 ||   961
       Dire flail        |       |       |       |    18 |    19 |       ||    37
       Halberd           |       |       |       |    10 |   274 |       ||   284
Throw: Javelin           |       |       |     2 |    10 |    13 |       ||    25
Invok: Berserk           |     2 |     2 |     9 |     8 |     2 |       ||    23
       Brothers in Arms  |       |       |     4 |     6 |     4 |       ||    14
       Trog's Hand       |       |       |     2 |     8 |     5 |       ||    15
Evoke: Wand              |       |       |       |       |     1 |       ||     1
  Use: Scroll            |       |       |    15 |    12 |    20 |     1 ||    48
       Potion            |       |       |       |       |     5 |       ||     5
 Stab: Sleeping          |     1 |       |     2 |       |       |       ||     3
  Eat: Chunk             |     3 |     9 |    19 |    19 |    27 |       ||    77
       Ration            |       |       |     2 |     4 |     3 |       ||     9
Armor: Animal skin       |     8 |       |       |       |       |       ||     8
       Leather armour    |    12 |    24 |    42 |       |       |       ||    78
       Plate armour      |       |       |    91 |    60 |       |       ||   151
       Chain mail        |       |       |       |   259 |   311 |    13 ||   583
Dodge: Dodged            |    53 |    85 |   193 |   322 |   470 |    24 ||  1147

Table legend:
 A = Non-vault XP
 B = Vault XP
 C = Vault XP percentage of total XP
 D = Non-vault monster count
 E = Vault monster count
 F = Vault count percentage of total count
                 A         B        C        D         E       F
            +---------+---------+-------+---------+---------+-------
      Total |   67653 |   46204 |  40.6 |     491 |     202 |  29.1
            +---------+---------+-------+---------+---------+-------
        D:1 |      46 |      11 |  19.3 |      22 |       6 |  21.4
        D:2 |      51 |      30 |  37.0 |      22 |       9 |  29.0
        D:3 |     205 |     148 |  41.9 |      35 |       5 |  12.5
        D:4 |     543 |       0 |   0.0 |      25 |       0 |   0.0
        D:5 |     605 |       0 |   0.0 |      16 |       0 |   0.0
        D:6 |    1108 |     779 |  41.3 |      27 |      11 |  28.9
        D:7 |     793 |     710 |  47.2 |      13 |       7 |  35.0
        D:8 |    1603 |     841 |  34.4 |      43 |       2 |   4.4
        D:9 |    1974 |    3269 |  62.3 |      17 |       8 |  32.0
       D:10 |    2056 |    1381 |  40.2 |      27 |       2 |   6.9
       D:11 |    3363 |     275 |   7.6 |      26 |       5 |  16.1
       D:12 |    4804 |    2533 |  34.5 |      28 |      25 |  47.2
       D:13 |    7369 |    7499 |  50.4 |      27 |      11 |  28.9
       D:14 |    7078 |    1134 |  13.8 |      29 |       1 |   3.3
       D:15 |     430 |    1847 |  81.1 |       7 |       3 |  30.0
     Lair:1 |    2522 |    4527 |  64.2 |       9 |      16 |  64.0
     Lair:2 |    6857 |    1344 |  16.4 |      32 |       2 |   5.9
     Lair:3 |    5666 |    1336 |  19.1 |      20 |       5 |  20.0
     Lair:4 |    9672 |       0 |   0.0 |      31 |       0 |   0.0
     Lair:5 |    2967 |       0 |   0.0 |      11 |       0 |   0.0
     Lair:6 |    7941 |   18161 |  69.6 |      24 |      54 |  69.2
    Ossuary |       0 |     379 | 100.0 |       0 |      30 | 100.0
            +---------+---------+-------+---------+---------+-------
